 Dungeon Crawl Stone Soup version 0.21-a0-621-gc60411f (webtiles) character file.

79 nikopol the Chopper (level 4, 0/37 HPs)
             Began as a Minotaur Gladiator on Dec 23, 2017.
             Succumbed to an adder's poison
             ... on level 2 of the Dungeon.
             The game lasted 00:04:28 (904 turns).

nikopol the Chopper (Minotaur Gladiator)             Turns: 904, Time: 00:04:28

Health: 0/37       AC:  3    Str: 18    XL:     4   Next: 17%
Magic:  3/3        EV: 13    Int:  5    God:
Gold:   47         SH:  0    Dex: 13    Spells: 3/3 levels left

rFire    . . .     SeeInvis .   a - +0 war axe
rCold    . . .     Gourm    .   (no shield)
rNeg     . . .     Faith    .   b - +0 leather armour
rPois    .         Spirit   .   c - +0 hat
rElec    .         Reflect  .   (no cloak)
rCorr    .         Harm     .   (no gloves)
MR       .....                  (no boots)
Stlth    +.........             (no amulet)
HPRegen  0.12/turn              (no ring)
MPRegen  0.08/turn              (no ring)

@: lethally poisoned (0 -> -6)
A: retaliatory headbutt, horns 2
a: no special abilities


You were on level 2 of the Dungeon.
You were not hungry.

You visited 1 branch of the dungeon, and saw 2 of its levels.

You collected 47 gold pieces.

Inventory:

Hand Weapons
 a - a +0 war axe (weapon)
Missiles
 d - 3 throwing nets (quivered)
Armour
 b - a +0 leather armour (worn)
 c - a +0 hat (worn)
Scrolls
 j - a scroll of identify {unknown}
 k - a scroll of magic mapping {unknown}
 l - a scroll of teleportation {unknown}
Potions
 e - a potion of agility {unknown}
 h - a potion of mutation {unknown}
 i - a potion of brilliance {unknown}
 m - a potion of curing {unknown}
Comestibles
 f - 3 rations
 g - a chunk of flesh


   Skills:
 + Level 2.6 Fighting
 + Level 5.5 Axes
 + Level 2.1 Throwing
 + Level 0.1 Armour
 + Level 3.8 Dodging
 + Level 0.1 Stealth


You had 3 spell levels left.
You didn't know any spells.

Dungeon Overview and Level Annotations

Branches:
Dungeon (2/15)

Altars:
Sif Muna


Innate Abilities, Weirdness & Mutations

You reflexively headbutt those who attack you in melee.
You have a pair of horns on your head.


Message History

The goblin completely misses you.
You slash Jessica!
You kill Jessica!
You have reached level 4!
You feel agile.
You hit the adder but do no damage. You hit the goblin.
The adder barely misses you. The adder completely misses you.
The goblin hits you with a club.
* * * LOW HITPOINT WARNING * * *
You hit the adder. Your headbutt misses the adder.
The adder is severely wounded.
You closely miss the goblin.
* * * LOW HITPOINT WARNING * * *
You feel sick. The adder closely misses you. The goblin hits you with a club.
* * * LOW HITPOINT WARNING * * *
You barely miss the adder.
The adder is severely wounded.
You slash the goblin!
You kill the goblin!
You die...

#.###.#.# #...#.
##.# #.#.####.#.#.
##..##..#..##..#.#.
#..#...###....##.#.
###.#.###
#..###..#. #.
#.._..# #...# .##
###.#.#.### #.#.#
........)#####.#..
.!.....@S....#.#...
#....##).###...##..
##..= #.## .. ...
### ..# ... ...
.... .#.. ......


You could see an adder.

Vanquished Creatures
  Jessica (D:2)
  An adder (D:2)
  4 dart slugs (D:1)
  2 leopard geckos
  3 bats (D:1)
  3 giant cockroaches
  3 goblins
  4 hobgoblins
  6 kobolds
  A frilled lizard (D:2)
  5 rats (D:1)
33 creatures vanquished.

Notes
Turn   | Place    | Note
-------+----------+-------------------------------------------
     0 | D:1      | nikopol the Minotaur Gladiator began the quest for the Orb.
     0 | D:1      | Reached XP level 1. HP: 18/18 MP: 0/0
   130 | D:1      | Reached skill level 4 in Axes
   131 | D:1      | Reached XP level 2. HP: 25/25 MP: 1/1
   446 | D:1      | Reached XP level 3. HP: 26/30 MP: 2/2
   886 | D:2      | Found a deep blue altar of Sif Muna.
   896 | D:2      | Noticed Jessica
   901 | D:2      | Reached skill level 5 in Axes
   902 | D:2      | Killed Jessica
   902 | D:2      | Reached XP level 4. HP: 8/37 MP: 3/3
   903 | D:2      | HP: 1/37 [goblin/club (5)]
   904 | D:2      | Succumbed to an adder's poison

Vault maps used:
D:1:      mrwooster_arrival_statue, minmay_domino_2
D:2:      lemuel_crystal_altar, uniq_jessica, uniq_terence

Skill      XL: |  1  2  3 |
---------------+----------+-----
Axes           | 4 5 |  5.5
Fighting       | |  2.6
Throwing       | |  2.1
Armour         | |  0.1
Dodging        | |  3.8
Stealth        | |  0.1

Action                   |  1- 3 |  4- 6 || total
-------------------------+-------+-------++-------
Melee: War axe           |    52 |     2 ||    54
       Headbutt          |     7 |       ||     7
Armor: Leather armour    |    16 |       ||    16
Dodge: Dodged            |    42 |     3 ||    45

Table legend:
 A = Spawn XP
 B = Non-spawn XP
 C = Spawn XP percentage of total XP
 D = Spawn monster count
 E = Non-spawn monster count
 F = Spawn count percentage of total count
 G = Total turns spent on level
                    A         B        C        D         E        F      G
               +---------+---------+-------+---------+---------+-------+---------
         Total |       0 |     114 |   0.0 |       0 |      33 |   0.0 |   904
               +---------+---------+-------+---------+---------+-------+---------
           D:1 |       0 |      52 |   0.0 |       0 |      25 |   0.0 |   791
           D:2 |       0 |      62 |   0.0 |       0 |       8 |   0.0 |   113
               +---------+---------+-------+---------+---------+-------+---------
